| TOP OF THE 1ST |
|
University of Michigan Wolverines batting - Pitching for Pennsylvania State University Nittany Lions : RHP Ian Hancock
|
|
Pitching: RHP Ian Hancock
|
|
|
Batting: RHB Chris Williamson
|
0-0: Ball 1-0: Ball 2-0: Foul Ball, location: 2F 2-1: Swinging Strike 2-2: Ball 3-2: Foul Ball, location: 2F 3-2: Strikes out swinging
|
|
Batting: LHB Omar Gutierrez
|
0-0: Called Strike 0-1: Ball 1-1: Ball 2-1: Fly out, F6 (Line Drive, 6, EV 63.1 MPH)
|
|
Batting: RHB Danny Arroyo
|
0-0: Called Strike 0-1: Ball 1-1: Ball 2-1: Swinging Strike 2-2: Strikes out looking
|
| Top of the 1st over - 0 runs, 0 hits, 0 errors, 0 left on base; University of Michigan 0 - Pennsylvania State University 0 |
| BOTTOM OF THE 1ST |
|
Pennsylvania State University Nittany Lions batting - Pitching for University of Michigan Wolverines : RHP Henrik Berg
|
|
Pitching: RHP Henrik Berg
|
|
|
Batting: RHB Francisco Velazquez
|
0-0: Called Strike 0-1: Foul Ball, location: 2F 0-2: Ball 1-2: Ball 2-2: Ball 3-2: Fly out, F5 (Popup, 56S, EV 75.0 MPH)
|
|
Batting: RHB Pete Martin
|
0-0: Called Strike 0-1: Fly out, F9 (Flyball, 9D, EV 96.9 MPH)
|
|
Batting: RHB Josh Ebeling
|
0-0: Ball 1-0: Foul Ball, location: 2F 1-1: Foul Ball, location: 2F 1-2: Ball 2-2: Foul Ball, location: 2F 2-2: Foul Ball, location: 2F 2-2: SOLO HOME RUN (Flyball, 7LD, EV 95.0 MPH), Distance : 333 ft
|
|
Batting: RHB Rob Hinojosa
|
0-0: Foul Ball, location: 2F 0-1: Foul Ball, location: 2F 0-2: Strikes out swinging
|
| Bottom of the 1st over - 1 run, 1 hit, 0 errors, 0 left on base; University of Michigan 0 - Pennsylvania State University 1 |
| TOP OF THE 2ND |
|
University of Michigan Wolverines batting - Pitching for Pennsylvania State University Nittany Lions : RHP Ian Hancock
|
|
Batting: RHB Quirino Portel
|
0-0: SINGLE (Flyball, 6D, EV 93.1 MPH)
|
|
Batting: LHB Lance Sabo
|
0-0: Called Strike 0-1: Called Strike 0-2: Ball 1-2: Foul Ball, location: 2F 1-2: Strikes out looking
|
|
Batting: RHB Aaron Marakovits
|
0-0: Grounds into double play, 5-4-3 (Groundball, 56, EV 98.1 MPH)
|
| Top of the 2nd over - 0 runs, 1 hit, 0 errors, 0 left on base; University of Michigan 0 - Pennsylvania State University 1 |
| BOTTOM OF THE 2ND |
|
Pennsylvania State University Nittany Lions batting - Pitching for University of Michigan Wolverines : RHP Henrik Berg
|
|
Batting: RHB Victor Victorino
|
0-0: Called Strike 0-1: Ball 1-1: SINGLE (Line Drive, 3D, EV 97.5 MPH)
|
|
Batting: RHB Guy Jock
|
0-0: Ball 1-0: Grounds into double play, 5-4-3 (Groundball, 56, EV 88.8 MPH)
|
|
Batting: RHB Jesse Bandt
|
0-0: Ball 1-0: DOUBLE (Line Drive, 7LM, EV 95.6 MPH)
|
|
Batting: LHB Dan Lape
|
0-0: Ball 1-0: Ball 2-0: Fly out, F7 (Flyball, 7LSF, EV 88.8 MPH)
|
| Bottom of the 2nd over - 0 runs, 2 hits, 0 errors, 1 left on base; University of Michigan 0 - Pennsylvania State University 1 |
| TOP OF THE 3RD |
|
University of Michigan Wolverines batting - Pitching for Pennsylvania State University Nittany Lions : RHP Ian Hancock
|
|
Batting: RHB Mario Cruz
|
0-0: Ball 1-0: Foul Ball, location: 2F 1-1: Ball 2-1: Foul Ball, location: 2F 2-2: Strikes out swinging
|
|
Batting: LHB Murdock Cranton
|
0-0: Ball 1-0: Fly out, F9 (Line Drive, 9S, EV 88.1 MPH)
|
|
Batting: RHB Torsten Ernst
|
0-0: Ball 1-0: Ball 2-0: DOUBLE (Line Drive, 78D, EV 105.0 MPH)
|
|
Batting: RHB Chris Williamson
|
0-0: Ball 1-0: Ball 2-0: Ground out 6-3 (Groundball, 6, EV 83.1 MPH)
|
| Top of the 3rd over - 0 runs, 1 hit, 0 errors, 1 left on base; University of Michigan 0 - Pennsylvania State University 1 |
| BOTTOM OF THE 3RD |
|
Pennsylvania State University Nittany Lions batting - Pitching for University of Michigan Wolverines : RHP Henrik Berg
|
|
Batting: RHB Perry Brantley
|
0-0: SINGLE (Line Drive, 34D, EV 107.5 MPH)
|
|
Batting: RHB Francisco Velazquez
|
0-0: Fly out, F8 (Flyball, 8RD, EV 92.5 MPH)
|
|
Batting: RHB Pete Martin
|
0-0: Ball 1-0: Called Strike 1-1: Ball 2-1: Swinging Strike 2-2: Ball 3-2: Fly out, F8 (Flyball, 78D, EV 88.8 MPH)
|
|
Batting: RHB Josh Ebeling
|
0-0: Ball 1-0: Called Strike 1-1: Foul Ball, location: 2F 1-2: Fly out, F3 (Popup, 23, EV 87.5 MPH)
|
| Bottom of the 3rd over - 0 runs, 1 hit, 0 errors, 1 left on base; University of Michigan 0 - Pennsylvania State University 1 |
| TOP OF THE 4TH |
|
University of Michigan Wolverines batting - Pitching for Pennsylvania State University Nittany Lions : RHP Ian Hancock
|
|
Pitching: LHP Yari Rono
|
|
|
Batting: LHB Omar Gutierrez
|
0-0: Ball 1-0: Called Strike 1-1: Swinging Strike 1-2: Strikes out looking
|
|
Batting: RHB Danny Arroyo
|
0-0: SINGLE (Groundball, 6MD, EV 102.5 MPH)
|
|
Batting: RHB Quirino Portel
|
0-0: Ball 1-0: Swinging Strike 1-1: Ball 2-1: Fly out, F9 (Line Drive, 89M, EV 90.6 MPH)
|
|
Batting: LHB Lance Sabo
|
0-0: Ball 1-0: Fly out, F7 (Line Drive, 7, EV 95.0 MPH)
|
| Top of the 4th over - 0 runs, 1 hit, 0 errors, 1 left on base; University of Michigan 0 - Pennsylvania State University 1 |
| BOTTOM OF THE 4TH |
|
Pennsylvania State University Nittany Lions batting - Pitching for University of Michigan Wolverines : RHP Henrik Berg
|
|
Batting: RHB Rob Hinojosa
|
0-0: Ball 1-0: SINGLE (Flyball, 89S, EV 86.9 MPH)
|
|
Batting: RHB Victor Victorino
|
0-0: Ball 1-0: Called Strike 1-1: Ball 2-1: DOUBLE (Flyball, 78D, EV 113.8 MPH) Rob Hinojosa to third
|
|
Batting: RHB Guy Jock
|
0-0: Ball 1-0: 3-RUN HOME RUN (Flyball, 7LD, EV 92.5 MPH), Distance : 332 ft
|
|
Batting: RHB Jesse Bandt
|
0-0: Ball 1-0: Called Strike 1-1: Foul Ball, location: 2F 1-2: Foul Ball, location: 2F 1-2: Foul Ball, location: 2F 1-2: Ball 2-2: Ball 3-2: SINGLE (Line Drive, 4M, EV 95.0 MPH)
|
|
Batting: LHB Dan Lape
|
0-0: Ball 1-0: Called Strike 1-1: Foul Ball, location: 2F 1-2: Ball 2-2: Ball 3-2: Foul Ball, location: 2F 3-2: Foul Ball, location: 2F 3-2: Strikes out swinging Jesse Bandt steals 2nd base Batter strikes out.
|
|
Batting: RHB Perry Brantley
|
0-0: Called Strike 0-1: Foul Ball, location: 2F 0-2: Ball 1-2: Fly out, F4 (Popup, 4MD, EV 56.2 MPH)
|
|
Batting: RHB Francisco Velazquez
|
0-0: Ball 1-0: Ball 2-0: Ball 3-0: Base on Balls
|
|
Batting: RHB Pete Martin
|
0-0: Ball 1-0: SINGLE (Groundball, 6D, EV 101.9 MPH) Jesse Bandt to third Francisco Velazquez to second Runner from 3rd tries for Home, SAFE, throw by CF to home
|
|
Batting: RHB Josh Ebeling
|
0-0: Foul Ball, location: 2F 0-1: Ball 1-1: Foul Ball, location: 2F 1-2: Ball 2-2: Ball 3-2: 3-RUN HOME RUN (Line Drive, 7D, EV 109.4 MPH), Distance : 401 ft
|
|
Batting: RHB Rob Hinojosa
|
0-0: Ball 1-0: SINGLE (Line Drive, 7LM, EV 104.4 MPH)
|
|
Batting: RHB Victor Victorino
|
0-0: Ball 1-0: Ball 2-0: 2-RUN HOME RUN (Flyball, 7LD, EV 93.1 MPH), Distance : 345 ft
|
|
Batting: RHB Guy Jock
|
0-0: Ball 1-0: Ball 2-0: Called Strike 2-1: Ball 3-1: Base on Balls
|
|
Batting: RHB Jesse Bandt
|
0-0: Foul Ball, location: 2F 0-1: Called Strike 0-2: Strikes out looking
|
| Bottom of the 4th over - 9 runs, 8 hits, 0 errors, 1 left on base; University of Michigan 0 - Pennsylvania State University 10 |
| TOP OF THE 5TH |
|
University of Michigan Wolverines batting - Pitching for Pennsylvania State University Nittany Lions : LHP Yari Rono
|
|
Batting: RHB Aaron Marakovits
|
0-0: Called Strike 0-1: Ball 1-1: Called Strike 1-2: Strikes out looking
|
|
Batting: RHB Mario Cruz
|
0-0: Ball 1-0: Ball 2-0: Foul Ball, location: 2F 2-1: Fly out, F8 (Flyball, 89M, EV 85.0 MPH)
|
|
Batting: LHB Murdock Cranton
|
0-0: Called Strike 0-1: SOLO HOME RUN (Flyball, 9LD, EV 95.0 MPH), Distance : 345 ft
|
|
Batting: RHB Torsten Ernst
|
0-0: Called Strike 0-1: Foul Ball, location: 2F 0-2: Ball 1-2: SINGLE (Flyball, 8LS, EV 100.6 MPH)
|
|
Pitching: RHP Hector Guzman
|
|
|
Batting: RHB Chris Williamson
|
0-0: Called Strike 0-1: Foul Ball, location: 2F 0-2: Ball 1-2: Ball 2-2: Foul Ball, location: 2F 2-2: Strikes out swinging
|
| Top of the 5th over - 1 run, 2 hits, 0 errors, 1 left on base; University of Michigan 1 - Pennsylvania State University 10 |
| BOTTOM OF THE 5TH |
|
Pennsylvania State University Nittany Lions batting - Pitching for University of Michigan Wolverines : RHP Henrik Berg
|
|
Batting: LHB Dan Lape
|
0-0: Ball 1-0: Ball 2-0: Ball 3-0: Called Strike 3-1: Base on Balls
|
|
Batting: RHB Perry Brantley
|
0-0: SINGLE (Groundball, 6MD, EV 97.5 MPH) Dan Lape to second Runner from 2nd tries for 3rd, SAFE, throw by CF made to third
|
|
Batting: RHB Francisco Velazquez
|
0-0: Ball 1-0: SINGLE (Line Drive, 78M, EV 91.2 MPH) Dan Lape scores Perry Brantley to second
|
|
Batting: RHB Pete Martin
|
0-0: Foul Ball, location: 2F 0-1: Foul Ball, location: 2F 0-2: Foul Ball, location: 2F 0-2: Fly out, F7 (Line Drive, 78M, EV 87.5 MPH)
|
|
Batting: RHB Josh Ebeling
|
0-0: Foul Ball, location: 2F 0-1: DOUBLE (Line Drive, 5D, EV 100.6 MPH) Perry Brantley scores Francisco Velazquez to third
|
|
Batting: RHB Rob Hinojosa
|
0-0: Called Strike 0-1: Ball 1-1: Ball 2-1: Ball 3-1: Foul Ball, location: 2F 3-2: Foul Ball, location: 2F 3-2: Base on Balls
|
|
Batting: RHB Victor Victorino
|
0-0: SINGLE (Groundball, 5D, EV 94.4 MPH) Francisco Velazquez scores Josh Ebeling to third Rob Hinojosa to second
|
|
Batting: RHB Guy Jock
|
0-0: Ball 1-0: Called Strike 1-1: Ball 2-1: Foul Ball, location: 2F 2-2: Strikes out looking
|
|
Batting: RHB Jesse Bandt
|
0-0: Called Strike 0-1: Foul Ball, location: 2F 0-2: Ball 1-2: SINGLE (Groundball, 6D, EV 105.6 MPH) Josh Ebeling scores Rob Hinojosa to third Victor Victorino to second Runner from 3rd tries for Home, SAFE, throw by CF to home
|
|
Batting: LHB Dan Lape
|
0-0: Ball 1-0: Foul Ball, location: 2F 1-1: DOUBLE (Flyball, 8LXD, EV 96.2 MPH) Victor Victorino scores Jesse Bandt to third Runner from 3rd tries for Home, SAFE, no throw by CF
|
|
Batting: RHB Perry Brantley
|
0-0: Fly out, F9 (Flyball, 9S, EV 84.4 MPH)
|
| Bottom of the 5th over - 7 runs, 6 hits, 0 errors, 1 left on base; University of Michigan 1 - Pennsylvania State University 17 |
| TOP OF THE 6TH |
|
University of Michigan Wolverines batting - Pitching for Pennsylvania State University Nittany Lions : RHP Hector Guzman
|
|
Batting: LHB Omar Gutierrez
|
0-0: Ball 1-0: Called Strike 1-1: Ball 2-1: Ground out U3 (Groundball, 3S, EV 83.1 MPH)
|
|
Batting: RHB Danny Arroyo
|
0-0: Called Strike 0-1: Swinging Strike 0-2: Foul Ball, location: 2F 0-2: Reached on error, E5 (Groundball, 25, EV 85.0 MPH)
|
|
Batting: RHB Quirino Portel
|
0-0: Fly out, F8 (Flyball, 8RD, EV 81.9 MPH)
|
|
Batting: LHB Lance Sabo
|
0-0: Ball 1-0: Ball 2-0: Called Strike 2-1: Ball 3-1: Foul Ball, location: 2F 3-2: Ground out 6-3 (Groundball, 56, EV 93.1 MPH)
|
| Top of the 6th over - 0 runs, 0 hits, 1 error, 1 left on base; University of Michigan 1 - Pennsylvania State University 17 |
| BOTTOM OF THE 6TH |
|
Pennsylvania State University Nittany Lions batting - Pitching for University of Michigan Wolverines : RHP Henrik Berg
|
|
Batting: RHB Francisco Velazquez
|
0-0: Ground out 5-3 (Groundball, 56, EV 84.4 MPH)
|
|
Batting: RHB Pete Martin
|
0-0: SINGLE (Groundball, 6D, EV 105.6 MPH)
|
|
Batting: RHB Josh Ebeling
|
0-0: Foul Ball, location: 2F 0-1: Called Strike 0-2: Ball 1-2: Strikes out looking
|
|
Batting: RHB Rob Hinojosa
|
0-0: Ball 1-0: Ball 2-0: Foul Ball, location: 2F 2-1: Ball 3-1: Base on Balls Pete Martin to second
|
|
Batting: RHB Victor Victorino
|
0-0: Foul Ball, location: 2F 0-1: Swinging Strike 0-2: Foul Ball, location: 2F 0-2: Ball 1-2: Fly out, F8 (Flyball, 8RXD, EV 100.6 MPH)
|
| Bottom of the 6th over - 0 runs, 1 hit, 0 errors, 2 left on base; University of Michigan 1 - Pennsylvania State University 17 |
| TOP OF THE 7TH |
|
University of Michigan Wolverines batting - Pitching for Pennsylvania State University Nittany Lions : RHP Hector Guzman
|
|
Pitching: RHP Jamie Galarza
|
|
|
Batting: RHB Aaron Marakovits
|
0-0: Ball 1-0: Ball 2-0: Ground out 6-3 (Groundball, 6, EV 78.1 MPH)
|
|
Batting: RHB Mario Cruz
|
0-0: Called Strike 0-1: Foul Ball, location: 2F 0-2: Ball 1-2: Strikes out swinging
|
|
Batting: LHB Murdock Cranton
|
0-0: Ball 1-0: Ground out U3 (Groundball, 34S, EV 71.2 MPH)
|
| Top of the 7th over - 0 runs, 0 hits, 0 errors, 0 left on base; University of Michigan 1 - Pennsylvania State University 17 |
| BOTTOM OF THE 7TH |
|
Pennsylvania State University Nittany Lions batting - Pitching for University of Michigan Wolverines : RHP Henrik Berg
|
|
Batting: RHB Guy Jock
|
0-0: SOLO HOME RUN (Flyball, 9D, EV 94.4 MPH), Distance : 359 ft
|
|
Batting: RHB Jesse Bandt
|
0-0: SINGLE (Line Drive, 6MD, EV 98.8 MPH)
|
|
Batting: LHB Dan Lape
|
0-0: SINGLE (Line Drive, 9S, EV 93.1 MPH) Jesse Bandt to second Runner from 2nd tries for 3rd, SAFE, throw by RF made to third
|
|
Batting: RHB Perry Brantley
|
0-0: SINGLE (Line Drive, 8LS, EV 92.5 MPH) Jesse Bandt scores Dan Lape to second
|
|
Batting: RHB Francisco Velazquez
|
0-0: Foul Ball, location: 2F 0-1: Fly out, F8 (Flyball, 8RM, EV 76.2 MPH)
|
|
Batting: RHB Pete Martin
|
0-0: Fielders Choice at 2nd, 5-4 (Groundball, 56, EV 83.8 MPH) Dan Lape to third
|
|
Batting: RHB Josh Ebeling
|
0-0: Ball 1-0: Ball 2-0: Ball 3-0: Base on Balls Pete Martin to second
|
|
Pinch Hitting: LHB Miguel Quizhpi
|
0-0: Reached on error, E5 (Line Drive, 5, EV 72.5 MPH) Dan Lape scores Pete Martin to third Josh Ebeling to second
|
|
Pinch Hitting: RHB Kevin Claus
|
0-0: Ball 1-0: SINGLE (Groundball, 56D, EV 104.4 MPH) Pete Martin scores Josh Ebeling to third Miguel Quizhpi to second Runner from 3rd tries for Home, SAFE, throw by LF to home
|
|
Batting: RHB Guy Jock
|
0-0: Ball 1-0: Ball 2-0: Ball 3-0: Called Strike 3-1: Base on Balls Miguel Quizhpi to third Kevin Claus to second
|
|
Batting: RHB Jesse Bandt
|
0-0: SINGLE (Flyball, 78M, EV 96.2 MPH) Miguel Quizhpi scores Kevin Claus to third Guy Jock to second Runner from 3rd tries for Home, SAFE, throw by LF to home
|
|
Batting: LHB Dan Lape
|
0-0: Foul Ball, location: 2F 0-1: Fly out, F8 (Flyball, 89M, EV 88.1 MPH)
|
| Bottom of the 7th over - 7 runs, 6 hits, 1 error, 2 left on base; University of Michigan 1 - Pennsylvania State University 24 |
| TOP OF THE 8TH |
|
University of Michigan Wolverines batting - Pitching for Pennsylvania State University Nittany Lions : RHP Jamie Galarza
|
|
Now at 3B: Kevin Claus
|
|
|
Now in RF: Miguel Quizhpi
|
|
|
Batting: RHB Torsten Ernst
|
0-0: Called Strike 0-1: Ball 1-1: SINGLE (Flyball, 8LS, EV 94.4 MPH)
|
|
Batting: RHB Chris Williamson
|
0-0: Ball 1-0: Called Strike 1-1: Ball 2-1: Fly out, F8 (Flyball, 8RM, EV 86.9 MPH)
|
|
Batting: LHB Omar Gutierrez
|
0-0: Bunted foul 0-1: Bunted foul 0-2: Sac Bunt to 15S - play at first, batter OUT! 1-3 Torsten Ernst to second
|
|
Batting: RHB Danny Arroyo
|
0-0: Called Strike 0-1: Swinging Strike 0-2: Strikes out looking
|
| Top of the 8th over - 0 runs, 1 hit, 0 errors, 1 left on base; University of Michigan 1 - Pennsylvania State University 24 |
| BOTTOM OF THE 8TH |
|
Pennsylvania State University Nittany Lions batting - Pitching for University of Michigan Wolverines : RHP Henrik Berg
|
|
Batting: RHB Perry Brantley
|
0-0: Swinging Strike 0-1: Ball 1-1: Foul Ball, location: 2F 1-2: Strikes out swinging, 2-3 out at first.
|
|
Batting: RHB Francisco Velazquez
|
0-0: Ground out 5-3 (Groundball, 5, EV 85.0 MPH)
|
|
Batting: RHB Pete Martin
|
0-0: Foul Ball, location: 2F 0-1: Foul Ball, location: 2F 0-2: Ball 1-2: SINGLE (Groundball, 56S, EV 75.6 MPH) (infield hit)
|
|
Batting: RHB Josh Ebeling
|
0-0: Ball 1-0: Called Strike 1-1: Foul Ball, location: 2F 1-2: Ball 2-2: Fielders Choice at 2nd, 6-4 (Groundball, 6MD, EV 83.1 MPH)
|
| Bottom of the 8th over - 0 runs, 1 hit, 0 errors, 1 left on base; University of Michigan 1 - Pennsylvania State University 24 |
| TOP OF THE 9TH |
|
University of Michigan Wolverines batting - Pitching for Pennsylvania State University Nittany Lions : RHP Jamie Galarza
|
|
Batting: RHB Quirino Portel
|
0-0: Swinging Strike 0-1: Ball 1-1: Ball 2-1: Swinging Strike 2-2: Foul Ball, location: 2F 2-2: Strikes out looking
|
|
Batting: LHB Lance Sabo
|
0-0: Foul Ball, location: 2F 0-1: Foul Ball, location: 2F 0-2: Fly out, F6 (Line Drive, 6, EV 68.8 MPH)
|
|
Batting: RHB Aaron Marakovits
|
0-0: Ground out 5-3 (Groundball, 56, EV 88.8 MPH)
|
| Top of the 9th over - 0 runs, 0 hits, 0 errors, 0 left on base; University of Michigan 1 - Pennsylvania State University 24 |
|